 Dungeon Crawl Stone Soup version 0.31-a0-836-g3ceb0a68c4 (webtiles) character file.

Game seed: 1671652316043433043

160 noobster the Shield-Bearer (level 5, -4/53 HPs)
             Began as a Troll Fighter on Sept 26, 2023.
             Was a Believer of Wu Jian.
             Slain by a +1 mace of the Lost Coins {spect, rElec rCorr} (7 damage)
             ... created by a kobold
             ... on level 3 of the Dungeon.
             The game lasted 00:14:09 (2371 turns).

noobster the Shield-Bearer (Troll Fighter)          Turns: 2371, Time: 00:14:10

Health: -4/53      AC:  4    Str: 24      XL:     5   Next: 17%
Magic:  4/4        EV:  9    Int:  4      God:    Wu Jian [**....]
Gold:   98         SH:  8    Dex:  9 (11) Spells: 4/4 levels left

rFire   . . .        a - +0 flail
rCold   . . .        c - +0 kite shield
rNeg    . . .        b - +0 robe
rPois   .            (helmet restricted)
rElec   .            (no cloak)
rCorr   .            (gloves unavailable)
SInv    .            (boots unavailable)
Will    .....        (no amulet)
Stlth   +            (no ring)
HPRegen 1.08/turn    (no ring)
MPRegen 0.09/turn

%: no passive effects
@: no status effects
A: large, unfitting armour, claws 3, regeneration 1, shaggy fur 1, tough skin 1
a: Renounce Religion, Wall Jump


You were on level 3 of the Dungeon.
You worshipped Wu Jian.
Wu Jian was pleased with you.
You visited 1 branch of the dungeon, and saw 3 of its levels.

You collected 98 gold pieces.

Inventory:

Hand Weapons
 a - a +0 flail (weapon)
 p - a +0 dagger of venom
Armour
 b - a +0 robe (worn)
 c - a +0 kite shield (worn)
Magical Staves
 q - a staff of death
Jewellery
 i - an amulet of faith
 o - a ring of protection from cold
Scrolls
 d - a scroll of identify
 e - a scroll of blinking {unknown}
 k - a scroll of fog {unknown}
 m - 2 scrolls of teleportation {unknown}
 r - a scroll of immolation {unknown}
Potions
 f - a potion of resistance
 g - 2 potions of magic
 h - 2 potions of haste {unknown}
 j - 2 potions of enlightenment {unknown}
 l - a potion of brilliance
 n - 3 potions of lignification {unknown}


   Skills:
 + Level 3.1 Fighting
 + Level 3.1 Maces & Flails
 + Level 3.1 Dodging
 + Level 0.2 Stealth
 + Level 3.3 Shields


You had 4 spell levels left.
You didn't know any spells.
Your spell library was empty.

Dungeon Overview and Level Annotations

Branches:
Dungeon (3/15)

Altars:
Okawaru
Wu Jian


Innate Abilities, Weirdness & Mutations

You are too large for most types of armour.
You have claws for hands.
Your natural rate of healing is unusually fast.
You are covered in fur. (AC +1)
You have tough skin. (AC +1)


Message History

There is a stone staircase leading up here.
Found a runed dagger.
A kobold comes into view.
It is wielding the +1 mace of the Lost Coins {spect, rElec rCorr}.
Found a metallic green potion.
Found an escape hatch in the floor.
The kobold shouts!
You barely miss the kobold. The kobold hits you but does no damage.
You block the +1 mace of the Lost Coins {spect, rElec rCorr}'s attack.
A +1 mace of the Lost Coins {spect, rElec rCorr} comes into view.
You closely miss the kobold.
The +1 mace of the Lost Coins {spect, rElec rCorr} hits you.
You block the +1 mace of the Lost Coins {spect, rElec rCorr}'s attack.
The +1 mace of the Lost Coins {spect, rElec rCorr} hits you.
The kobold closely misses you.
The +1 mace of the Lost Coins {spect, rElec rCorr} hits you! x2
You hit the kobold but do no damage.
The +1 mace of the Lost Coins {spect, rElec rCorr} closely misses you.
The kobold barely misses you.
You block the +1 mace of the Lost Coins {spect, rElec rCorr}'s attack.
The +1 mace of the Lost Coins {spect, rElec rCorr} hits you.
You block the kobold's attack.
The +1 mace of the Lost Coins {spect, rElec rCorr} barely misses you.
You miss the +1 mace of the Lost Coins {spect, rElec rCorr}.
The kobold closely misses you.
You block the +1 mace of the Lost Coins {spect, rElec rCorr}'s attack.
You completely miss the +1 mace of the Lost Coins {spect, rElec rCorr}.
The kobold hits you with the +1 mace of the Lost Coins {spect, rElec rCorr}.
The +1 mace of the Lost Coins {spect, rElec rCorr} barely misses you.
You hit the +1 mace of the Lost Coins {spect, rElec rCorr}.
The kobold shares its spectral weapon's damage!
The +1 mace of the Lost Coins {spect, rElec rCorr} is lightly damaged.
You block the kobold's attack.
The +1 mace of the Lost Coins {spect, rElec rCorr} hits you!
The kobold hits you with the +1 mace of the Lost Coins {spect, rElec rCorr}.
* * * LOW HITPOINT WARNING * * *
The +1 mace of the Lost Coins {spect, rElec rCorr} hits you!
* * * LOW HITPOINT WARNING * * *
You closely miss the kobold.
The kobold is moderately wounded.
The +1 mace of the Lost Coins {spect, rElec rCorr} hits you!
You die...

#### #
... .# #
..# )#.##
#.#....!.
#.#......
#@K..>.#
#(####.#
#.# #.#
#######.#
#...<...#
#.#######
#.# #.#


You could see a +1 mace of the Lost Coins {spect, rElec rCorr} and a kobold.

Vanquished Creatures
  3 gnolls (D:2)
  5 adders
  A worm (D:2)
  3 dart slugs
  4 orcs (D:3)
  5 endoplasms
  5 giant cockroaches
  9 goblins
  7 hobgoblins
  8 jackals
  3 quokkas
  3 ball pythons
  3 bats
  4 frilled lizards
  3 kobolds
  3 rats
69 creatures vanquished.

Notes
Turn   | Place    | Note
-------+----------+-------------------------------------------
     0 | D:1      | noobster the Troll Fighter began the quest for the Orb.
     0 | D:1      | Reached XP level 1. HP: 22/22 MP: 0/0
   150 | D:1      | Reached XP level 2. HP: 29/29 MP: 1/1
   490 | D:1      | Noticed a floating eye
   492 | D:1      | Found a faded altar of an unknown god.
   502 | D:1      | Noticed a shining eye
   502 | D:1      | Noticed a shining eye
   502 | D:1      | Noticed a golden eye
   537 | D:1      | Prayed at the altar of an unknown god.
   537 | D:1      | Became a worshipper of the Wu Jian Council
   537 | D:1      | Reached * piety under Wu Jian
   715 | D:1      | Reached XP level 3. HP: 36/36 MP: 2/2
  1281 | D:2      | Reached ** piety under Wu Jian
  1284 | D:2      | Reached XP level 4. HP: 28/45 MP: 3/3
  2068 | D:3      | Found an iron altar of Okawaru.
  2199 | D:3      | Reached XP level 5. HP: 14/53 MP: 4/4
  2363 | D:3      | Identified the +1 mace of the Lost Coins {spect, rElec
                  | rCorr}
  2370 | D:3      | HP: 2/53 [+1 mace of the Lost Coins {spect, rElec rCorr}[a
                  | kobold] (12)]
  2371 | D:3      | Slain by a +1 mace of the Lost Coins {spect, rElec rCorr}

Illustrated notes

Levels and vault maps discovered:
D:1:      denvon_arrival_planthouse, layout_basic,
          hellmonk_ecumenical_altar_watching_god, serial_bayou_lagoon_a,
          minmay_box_of_dots
D:2:      layout_basic, minmay_misc_feat_ornament
D:3:      layout_loops_ring, general_overflow_altar, okawaru_trees_2

Skill      XL: |  1  2  3  4 |
---------------+-------------+-----
Maces & Flails | 2 3 |  3.1
Shields        | 3 |  3.3
Fighting       | 3 |  3.1
Dodging        | 3 |  3.1
Stealth        | |  0.2

Action                     |  1- 3 |  4- 6 || total
---------------------------+-------+-------++-------
  Melee: Flail             |   140 |   147 ||   287
Ability: Whirlwind         |     3 |     9 ||    12
         Lunge             |     2 |     5 ||     7
    Use: Potion            |     4 |     1 ||     5
         Scroll            |     1 |       ||     1
 Armour: Robe              |   102 |   142 ||   244
  Dodge: Dodged            |    59 |    65 ||   124
  Block: Kite shield       |    55 |    76 ||   131

Table legend: (Time is in decaauts)
 A = Elapsed time spent in this place.
 B = Non-inter-level travel time spent in this place.
 C = Inter-level travel time spent in this place.
 D = Time resting spent in this place.
 E = Time spent auto-exploring this place.
 F = Levels seen in this place.
 G = Mean time per level.
                   A        B        C        D        E       F      G
               +--------+--------+--------+--------+--------+-----+--------+
         Total |   2478 |   2478 |      0 |    177 |      0 |   3 |  826.0 |
       Dungeon |   2478 |   2478 |      0 |    177 |      0 |   3 |  826.0 |
               +--------+--------+--------+--------+--------+-----+--------+

Top non-repeatable levels by time:
     D:1: 1172 daAuts
     D:2: 868 daAuts
     D:3: 437 daAuts
